 Dungeon Crawl Stone Soup version 0.22-a0-283-g1871b15 (webtiles) character file.

456 b5mith the Slasher (level 6, -1/56 HPs)
             Began as a Minotaur Berserker on Mar 18, 2018.
             Was a Believer of Trog.
             Slain by ultrashaft's ghost (8 damage)
             ... on level 4 of the Dungeon.
             The game lasted 00:04:54 (2503 turns).

b5mith the Slasher (Minotaur Berserker)             Turns: 2503, Time: 00:04:55

Health: -1/56      AC:  7    Str: 24    XL:     6   Next: 77%
Magic:  5/5        EV:  8    Int:  4    God:    Trog [**....]
Gold:   143        SH:  7    Dex:  9    Spells: 5/5 levels left

rFire    . . .     SeeInvis .   d - +0 falchion (curse)
rCold    . . .     Gourm    .   v - +0 shield
rNeg     + . .     Faith    .   f - +0 scale mail
rPois    .         Spirit   .   (helmet restricted)
rElec    .         Reflect  .   (no cloak)
rCorr    .         Harm     .   (no gloves)
MR       .....                  (no boots)
Stlth    ..........             (no amulet)
HPRegen  0.18/turn              h - ring of positive energy
MPRegen  0.09/turn              (no ring)

@: berserk cooldown, slowed, very slow
A: retaliatory headbutt, horns 2
a: Berserk, Trog's Hand, Renounce Religion


You were on level 4 of the Dungeon.
You worshipped Trog.
Trog was pleased with you.
You were not hungry.

You visited 1 branch of the dungeon, and saw 4 of its levels.

You collected 143 gold pieces.

Inventory:

Hand Weapons
 a - a +0 falchion
 d - a cursed +0 falchion (weapon)
Missiles
 p - 8 tomahawks (quivered)
Armour
 b - a +0 animal skin
 f - a +0 scale mail (worn)
 v - a +0 shield (worn)
Jewellery
 h - a ring of positive energy (left hand)
Scrolls
 e - 6 scrolls of remove curse {unknown}
 g - a scroll of noise {unknown}
 i - 3 scrolls of identify {unknown}
 m - 3 scrolls of teleportation {unknown}
 n - a scroll of fear {unknown}
 o - a scroll of magic mapping {unknown}
 r - a scroll of enchant weapon {unknown}
 u - a scroll of immolation {unknown}
Potions
 j - a potion of resistance {unknown}
 k - a potion of ambrosia {unknown}
 l - 2 potions of might {unknown}
 q - a potion of curing {unknown}
 s - 2 potions of lignification {unknown}
 t - 2 potions of cancellation {unknown}
Comestibles
 c - 4 rations
 w - 2 chunks of flesh


   Skills:
 + Level 5.5 Fighting
 + Level 5.6 Long Blades
 + Level 4.8 Armour
 + Level 4.3 Dodging


You had 5 spell levels left.
You didn't know any spells.

Dungeon Overview and Level Annotations

Branches:
Dungeon (4/15)
 Temple: D:4-7

Altars:

Annotations:
D:4 Pikel; ultrashaft's ghost, novice DrTm


Innate Abilities, Weirdness & Mutations

You reflexively headbutt those who attack you in melee.
You have a pair of horns on your head.


Message History

You miss ultrashaft's ghost.
Ultrashaft's ghost is lightly damaged.
Ultrashaft's ghost barely misses you.
You riposte.
You closely miss ultrashaft's ghost.
Ultrashaft's ghost is lightly damaged.
You block ultrashaft's ghost's attack.
You hit ultrashaft's ghost but do no damage.
Your headbutt misses ultrashaft's ghost.
Ultrashaft's ghost is lightly damaged.
Ultrashaft's ghost hits you but does no damage.
You closely miss ultrashaft's ghost.
Your headbutt misses ultrashaft's ghost.
Ultrashaft's ghost is lightly damaged.
You block ultrashaft's ghost's attack. Ultrashaft's ghost hits you.
* * * LOW HITPOINT WARNING * * *
You hit ultrashaft's ghost but do no damage.
Your headbutt misses ultrashaft's ghost.
Ultrashaft's ghost is lightly damaged.
Ultrashaft's ghost hits you!
You die...

.. .. ...
###.>.....
..#######.... #.#.#
....$.....####.....
..# #@###........
..?. #.WKap.....#
.....#####.....##
#...pppK.......#
##.###.W#.(...###..
#........>..#
##.....<..##.
............#
.......#.....#


You could see Pikel, a slave, a worker ant and ultrashaft's ghost.

Vanquished Creatures
  Grinder (D:3)
  An orc warrior (D:3)
  A slave (D:4)
  An orc priest (D:3)
  An iguana (D:4)
  3 adders
  2 oozes
  A worm (D:2)
  A dart slug (D:4)
  8 orcs (D:3)
  4 bats
  4 giant cockroaches (D:1)
  10 goblins
  6 hobgoblins
  A quokka (D:3)
  4 frilled lizards
  6 kobolds
  10 rats
65 creatures vanquished.

Notes
Turn   | Place    | Note
-------+----------+-------------------------------------------
     0 | D:1      | b5mith the Minotaur Berserker began the quest for the Orb.
     0 | D:1      | Reached XP level 1. HP: 19/19 MP: 0/0
    62 | D:1      | Reached XP level 2. HP: 27/27 MP: 1/1
   226 | D:1      | Reached ** piety under Trog
   267 | D:1      | Reached XP level 3. HP: 27/33 MP: 2/2
   940 | D:2      | Reached XP level 4. HP: 34/40 MP: 3/3
  1337 | D:3      | Noticed an orc warrior
  1350 | D:3      | Killed an orc warrior
  1350 | D:3      | Reached XP level 5. HP: 30/47 MP: 4/4
  1797 | D:3      | Reached skill level 5 in Fighting
  1797 | D:3      | Reached skill level 5 in Long Blades
  2064 | D:3      | Noticed Grinder
  2064 | D:3      | Paralysed by Grinder for 3 turns
  2069 | D:3      | Paralysed by Grinder for 7 turns
  2096 | D:3      | Paralysed by Grinder for 5 turns
  2108 | D:3      | Paralysed by Grinder for 2 turns
  2119 | D:3      | Killed Grinder
  2119 | D:3      | Reached XP level 6. HP: 19/56 MP: 5/5
  2466 | D:4      | Noticed a slave
  2468 | D:4      | Noticed a slave
  2469 | D:4      | Noticed a slave
  2470 | D:4      | Noticed Pikel
  2471 | D:4      | Noticed a slave
  2473 | D:4      | Killed a slave
  2485 | D:4      | Noticed ultrashaft's ghost (novice DrTm)
  2503 | D:4      | Slain by ultrashaft's ghost

Vault maps used:
D:1:      dpeg_arrival_prison
D:3:      first_ration, uniq_grinder
D:4:      uniq_pikel

Skill      XL: |  1  2  3  4  5 |
---------------+----------------+-----
Long Blades    | 4 5 |  5.6
Fighting       | 4 5 |  5.5
Armour         | 3 4 |  4.8
Dodging        | 3 4 |  4.3

Action                   |  1- 3 |  4- 6 || total
-------------------------+-------+-------++-------
Melee: Falchion          |    79 |    81 ||   160
       Headbutt          |    10 |    18 ||    28
       Unarmed           |       |    21 ||    21
Invok: Berserk           |       |     4 ||     4
  Eat: Chunk             |       |     5 ||     5
       Ration            |       |     1 ||     1
Armor: Animal skin       |     3 |       ||     3
       Scale mail        |    21 |    22 ||    43
Dodge: Dodged            |    39 |    42 ||    81
Block: Shield            |       |    21 ||    21
       Rpst.: Falchion   |     7 |     9 ||    16

Table legend:
 A = Spawn XP
 B = Non-spawn XP
 C = Spawn XP percentage of total XP
 D = Spawn monster count
 E = Non-spawn monster count
 F = Spawn count percentage of total count
 G = Total turns spent on level
                    A         B        C        D         E        F      G
               +---------+---------+-------+---------+---------+-------+---------
         Total |       0 |     652 |   0.0 |       0 |      64 |   0.0 |  2503
               +---------+---------+-------+---------+---------+-------+---------
           D:1 |       0 |      53 |   0.0 |       0 |      29 |   0.0 |   759
           D:2 |       0 |      45 |   0.0 |       0 |       9 |   0.0 |   552
           D:3 |       0 |     515 |   0.0 |       0 |      24 |   0.0 |  1144
           D:4 |       0 |      39 |   0.0 |       0 |       2 |   0.0 |    48
               +---------+---------+-------+---------+---------+-------+---------
